cohdb
Replays
Latest Replays
All Replays
Popular Replays
Top Player Replays
Match Explorer
How It Works
Community
CoH3 Stats
Reddit
Sign in to upload your games and track your stats! →
Sign in with Steam
Match 37793194
Unlisted
Match 37793194
Overview
Messages
Build Orders
End
Engineer Squad
Engineer Squad
Construct Barracks
Selects Airborne Battlegroup
Selects Heavy Machine Gun Paradrop
Selects Smoke Bombing Run
Riflemen Squad
Construct Medical Station
Construct Weapon Support Center
Riflemen Squad
Riflemen Squad
Riflemen Squad
Selects Heavy Machine Gun Paradrop
Selects Recon Loiter
Selects Paratrooper Squad Paradrop
Selects Supply Drop
Mechanized Support Center
Recon Loiter
Paratrooper Squad Paradrop
Heavy Machine Gun Paradrop
MadHatter
(502) Bad Gateway
0
0
Comments
sign in to comment!
No comments posted yet!